 Dungeon Crawl Stone Soup version 0.21.1-1-g345015f (webtiles) character file.

1312 shakethe the Grave Robber (level 8, 0/58 HPs)
             Began as a Gnoll Necromancer on Feb 10, 2018.
             Slain by an orc warrior
             ... wielding a +0 scimitar
              (7 damage)
             ... on level 7 of the Dungeon.
             The game lasted 00:23:59 (5507 turns).

shakethe the Grave Robber (Gnoll Necromancer)       Turns: 5507, Time: 00:23:59

Health: 0/58       AC: 10    Str: 12    XL:     8   Next: 58%
Magic:  17/17      EV: 14    Int: 18    God:
Gold:   416        SH:  0    Dex: 16    Spells: 2/19 levels left

rFire    . . .     SeeInvis .   q - +2 spear (flame)
rCold    . . .     Gourm    .   (no shield)
rNeg     . . .     Faith    .   s - +0 ring mail (curse)
rPois    .         Spirit   .   r - +2 helmet
rElec    .         Reflect  .   u - +0 cloak
rCorr    .         Harm     .   (no gloves)
MR       .....                  (no boots)
Stlth    ++........             (no amulet)
HPRegen  0.19/turn              (no ring)
MPRegen  0.15/turn              (no ring)

@: no status effects
A: distributed training, fangs 1, strong nose
a: no special abilities


You were on level 7 of the Dungeon.
You were not hungry.

You visited 1 branch of the dungeon, and saw 7 of its levels.

You collected 416 gold pieces.

Inventory:

Hand Weapons
 f - a +0 dagger of speed
   (You took it off a kobold on level 1 of the Dungeon)
 q - a +2 spear of flaming (weapon)
   (You took it off a gnoll on level 3 of the Dungeon)
Armour
 a - a +0 robe
 i - a +0 scale mail
   (You found it on level 1 of the Dungeon)
 r - a +2 helmet (worn)
   (You took it off Robin on level 3 of the Dungeon)
 s - a cursed +0 ring mail (worn)
   (You found it on level 3 of the Dungeon)
 u - a +0 cloak (worn)
   (You found it on level 3 of the Dungeon)
Wands
 v - a wand of random effects (32)
   (You found it on level 3 of the Dungeon)
 w - a wand of iceblast (8)
   (You found it on level 4 of the Dungeon)
Scrolls
 d - 2 scrolls of teleportation {unknown}
 k - a scroll of remove curse {unknown}
 l - a scroll of immolation {unknown}
 m - a scroll of magic mapping {unknown}
 n - a scroll of enchant weapon {unknown}
 o - 3 scrolls of identify {unknown}
 x - a scroll of amnesia {unknown}
 y - a scroll of random uselessness {unknown}
 z - a scroll of fear {unknown}
Potions
 e - 3 potions of lignification {unknown}
 g - 2 potions of heal wounds {unknown}
 h - a potion of flight {unknown}
 j - 2 potions of brilliance {unknown}
 p - 2 potions of curing
 t - a potion of agility {unknown}
 A - a potion of might {unknown}
 B - a potion of ambrosia {unknown}
Books
 b - a book of Necromancy
Comestibles
 c - 10 rations


   Skills:
 + Level 3.3 Fighting
 + Level 3.3 Short Blades
 + Level 3.3 Long Blades
 + Level 3.3 Axes
 + Level 3.3 Maces & Flails
 + Level 3.3 Polearms
 + Level 3.3 Staves
 + Level 3.3 Slings
 + Level 3.3 Bows
 + Level 3.3 Crossbows
 + Level 3.3 Throwing
 + Level 3.3 Armour
 + Level 5.7 Dodging
 + Level 5.4 Stealth
 + Level 3.3 Shields
 + Level 3.3 Unarmed Combat
 + Level 6.1 Spellcasting
 + Level 2.7 Conjurations
 + Level 2.7 Hexes
 + Level 2.7 Charms
 + Level 2.7 Summonings
 + Level 7.6 Necromancy
 + Level 2.7 Translocations
 + Level 2.7 Transmutations
 + Level 2.7 Fire Magic
 + Level 2.7 Ice Magic
 + Level 2.7 Air Magic
 + Level 2.7 Earth Magic
 + Level 2.7 Poison Magic
 + Level 3.6 Invocations
 + Level 3.3 Evocations


You had 2 spell levels left.
You knew the following spells:

 Your Spells              Type           Power        Failure   Level  Hunger
a - Pain                  Necr           ####         1%          1    None
b - Borgnjor's Vile Clut  Necr/Erth      ###.......   63%         5    #####..
c - Animate Dead          Necr           N/A          11%         4    ####...
r - Regeneration          Chrm/Necr      ###.......   9%          3    ##.....
x - Vampiric Draining     Necr           ####......   3%          3    ##.....
A - Animate Skeleton      Necr           N/A          1%          1    None


Dungeon Overview and Level Annotations

Branches:
Dungeon (7/15)
 Temple: D:4-7

Altars:
Gozag
Ru
Yredelemnul

Annotations:
D:5 Quirk's ghost, novice GnFi


Innate Abilities, Weirdness & Mutations

Your experience applies equally to all skills.
You have very sharp teeth.
Your uncanny sense of smell can sniff out nearby items.


Message History

No target in view!
No target in view!
No target in view!
No target in view!
You butcher the orc corpse.
C - a chunk of flesh {@w0} You see here a war axe. x2
Eating a chunk of flesh {@w0}.
You eat the chunk of flesh {@w0}.
A worker ant comes into view.
The worker ant twitches its antennae in your direction.
Attack whom?
Aim: a worker ant You reach to attack!
You barely miss the worker ant.
You hit the worker ant but do no damage.
Your bite misses the worker ant.
The worker ant waves its antennae.
The worker ant bites you but does no damage.
You hit the worker ant but do no damage.
The worker ant completely misses you.
You closely miss the worker ant. The worker ant closely misses you.
You hit the worker ant but do no damage.
The worker ant barely misses you.
You hit the worker ant but do no damage.
The worker ant barely misses you.
You puncture the worker ant! You burn the worker ant. The worker ant bites you.
You take 5 damage, and have 53/58 hp.
You hit the worker ant. You burn the worker ant. The worker ant misses you.
The worker ant bites you but does no damage.
You hit the worker ant. You burn the worker ant.
You kill the worker ant!
No target in view!
No target in view!
No target in view!
No target in view!
No target in view!
No target in view!
No target in view!
No target in view!
No target in view!
No target in view!
The orc warrior is too close now for your liking.
There is a stone staircase leading down here.
Attack whom?
Aim: an orc warrior, wielding a scimitar and wearing a chain mail (hasn't noticed you)
You reach to attack!
The orc warrior shouts!
You hit the orc warrior but do no damage.
The orc warrior throws a throwing net.
The throwing net hits you.
You become entangled in the net!
Your skin crawls.
You now have 14/17 mp.
You tear a large gash into the net.
The orc warrior hits you with a scimitar!
You take 13 damage, and have 43/58 hp.
MASSIVE DAMAGE!!
You struggle against the net.
You rip the net and break free!
The orc warrior hits you with a scimitar.
You take 1 damage, and have 43/58 hp.
You closely miss the orc warrior. The orc warrior closely misses you.
You completely miss the orc warrior. The orc warrior closely misses you.
You hit the orc warrior but do no damage.
The orc warrior hits you with a scimitar!
You take 12 damage, and have 33/58 hp.
MASSIVE DAMAGE!!
You hit the orc warrior. You burn the orc warrior.
You closely miss the orc warrior.
The orc warrior hits you with a scimitar!
You take 8 damage, and have 26/58 hp.
You completely miss the orc warrior.
The orc warrior hits you but does no damage.
The orc warrior throws a throwing net.
The throwing net hits you.
You become entangled in the net!
There is a stone staircase leading down here.
You see here a throwing net {=f, !d}.
You can't do that while held in a net.
You struggle against the net.
Your skin is crawling a little less now.
You regained 2 hp, and now have 30/58 hp.
You struggle against the net.
The orc warrior hits you with a scimitar!
You take 7 damage, and have 23/58 hp.
You struggle against the net.
The orc warrior hits you with a scimitar!!
* * * LOW HITPOINT WARNING * * *
You take 20 damage, and have 3/58 hp.
MASSIVE DAMAGE!!
You rip the net and break free!
The orc warrior misses you.
You climb downwards.
Your skin stops crawling.
There is a stone staircase leading up here.
You regained 2 hp, and now have 6/58 hp.
MP restored: 17
Found a stone staircase leading up. 2 gnolls come into view.
The gnoll shouts!
A gnoll comes into view.
The orc warrior hits you with a scimitar!
You die... .............# g#.. .............# gg..

............# # .....
.........<.#.###
..... ##............#
......
#...........#.#
......###...........#
........o.[........##
.......@...........#
...........%.......#
....<.###............
#..... #.............
...... .....#........
..... #####.#.......
..... ... .#.# #.


You could see an orc warrior and 3 gnolls.

Vanquished Creatures
  The ghost of ximkin the Chopper, an amateur HuBe of Trog (D:4)
  Grinder (D:4)
  Menkaure (D:4)
  An ice beast (D:6)
  An ogre (D:4)
  A scorpion (D:4)
  A crimson imp (D:6)
  3 hounds
  A centaur skeleton (D:4)
  An orc priest (D:6)
  A bullfrog skeleton (D:4)
  4 worker ants
  Natasha (twice) (D:3)
  Robin (D:3)
  4 gnolls
  8 adders
  An ooze (D:6)
  2 worms
  4 dart slugs (D:1)
  2 leopard geckos
  6 orcs
  4 giant cockroaches
  16 goblins
  9 hobgoblins
  5 jackals
  2 quokkas
  2 ball pythons
  6 bats
  5 frilled lizards
  A jackal zombie (D:5)
  11 kobolds
  7 rats
  2 plants (D:1)
117 creatures vanquished.

Vanquished Creatures (collateral kills)
  An adder (D:2)
  A dart slug (D:2)
  A giant cockroach (D:2)
  A frilled lizard (D:2)
4 creatures vanquished.

Vanquished Creatures (others)
  A plant (D:1)
1 creature vanquished.

Grand Total: 122 creatures vanquished

Notes
Turn   | Place    | Note
-------+----------+-------------------------------------------
     0 | D:1      | shakethe the Gnoll Necromancer began the quest for the Orb.
     0 | D:1      | Reached XP level 1. HP: 13/13 MP: 6/6
     2 | D:1      | Learned a level 1 spell: Animate Skeleton
   132 | D:1      | Reached XP level 2. HP: 7/19 MP: 2/7
   153 | D:1      | HP: 2/19 [dart slug/slug dart (4)]
   841 | D:1      | Reached XP level 3. HP: 24/25 MP: 6/9
  1252 | D:1      | Reached skill level 5 in Spellcasting
  1633 | D:1      | Learned a level 3 spell: Vampiric Draining
  1637 | D:1      | Learned a level 3 spell: Regeneration
  1742 | D:2      | Reached skill level 1 in Invocations
  1849 | D:2      | Reached skill level 1 in Fighting
  1849 | D:2      | Reached skill level 1 in Short Blades
  1849 | D:2      | Reached skill level 1 in Long Blades
  1849 | D:2      | Reached skill level 1 in Axes
  1849 | D:2      | Reached skill level 1 in Maces & Flails
  1849 | D:2      | Reached skill level 1 in Polearms
  1849 | D:2      | Reached skill level 1 in Staves
  1849 | D:2      | Reached skill level 1 in Slings
  1849 | D:2      | Reached skill level 1 in Bows
  1849 | D:2      | Reached skill level 1 in Crossbows
  1849 | D:2      | Reached skill level 1 in Throwing
  1849 | D:2      | Reached skill level 1 in Armour
  1849 | D:2      | Reached skill level 1 in Shields
  1849 | D:2      | Reached skill level 1 in Unarmed Combat
  1849 | D:2      | Reached skill level 1 in Evocations
  1851 | D:2      | Reached XP level 4. HP: 10/32 MP: 4/11
  1900 | D:2      | HP: 8/32 [quokka (3)]
  1997 | D:2      | HP: 3/32 [something (15)]
  2331 | D:2      | Reached skill level 1 in Conjurations
  2331 | D:2      | Reached skill level 1 in Hexes
  2331 | D:2      | Reached skill level 1 in Charms
  2331 | D:2      | Reached skill level 1 in Summonings
  2331 | D:2      | Reached skill level 1 in Translocations
  2331 | D:2      | Reached skill level 1 in Transmutations
  2331 | D:2      | Reached skill level 1 in Fire Magic
  2331 | D:2      | Reached skill level 1 in Ice Magic
  2331 | D:2      | Reached skill level 1 in Air Magic
  2331 | D:2      | Reached skill level 1 in Earth Magic
  2331 | D:2      | Reached skill level 1 in Poison Magic
  2631 | D:3      | Noticed Natasha
  2633 | D:3      | Killed Natasha
  2633 | D:3      | Reached XP level 5. HP: 33/37 MP: 6/12
  2750 | D:3      | Noticed Robin
  2763 | D:3      | Killed Robin
  3010 | D:3      | Noticed Natasha
  3012 | D:3      | Killed Natasha
  3169 | D:3      | Reached XP level 6. HP: 44/44 MP: 13/13
  3425 | D:4      | Reached skill level 2 in Invocations
  3495 | D:4      | Reached skill level 5 in Dodging
  3735 | D:4      | Reached skill level 2 in Fighting
  3735 | D:4      | Reached skill level 2 in Short Blades
  3735 | D:4      | Reached skill level 2 in Long Blades
  3735 | D:4      | Reached skill level 2 in Axes
  3735 | D:4      | Reached skill level 2 in Maces & Flails
  3735 | D:4      | Reached skill level 2 in Polearms
  3735 | D:4      | Reached skill level 2 in Staves
  3735 | D:4      | Reached skill level 2 in Slings
  3735 | D:4      | Reached skill level 2 in Bows
  3735 | D:4      | Reached skill level 2 in Crossbows
  3735 | D:4      | Reached skill level 2 in Throwing
  3735 | D:4      | Reached skill level 2 in Armour
  3735 | D:4      | Reached skill level 2 in Shields
  3735 | D:4      | Reached skill level 2 in Unarmed Combat
  3735 | D:4      | Reached skill level 2 in Evocations
  3756 | D:4      | Found a sacrificial altar of Ru.
  3816 | D:4      | Reached XP level 7. HP: 43/50 MP: 11/15
  3826 | D:4      | Noticed ximkin's ghost (amateur HuBe)
  4121 | D:4      | Killed ximkin's ghost
  4121 | D:4      | Reached skill level 2 in Conjurations
  4121 | D:4      | Reached skill level 2 in Hexes
  4121 | D:4      | Reached skill level 2 in Charms
  4121 | D:4      | Reached skill level 2 in Summonings
  4121 | D:4      | Reached skill level 2 in Translocations
  4121 | D:4      | Reached skill level 2 in Transmutations
  4121 | D:4      | Reached skill level 2 in Fire Magic
  4121 | D:4      | Reached skill level 2 in Ice Magic
  4121 | D:4      | Reached skill level 2 in Air Magic
  4121 | D:4      | Reached skill level 2 in Earth Magic
  4121 | D:4      | Reached skill level 2 in Poison Magic
  4131 | D:4      | Learned a level 5 spell: Borgnjor's Vile Clutch
  4136 | D:4      | Learned a level 4 spell: Animate Dead
  4269 | D:4      | Noticed Grinder
  4291 | D:4      | Paralysed by Grinder for 2 turns
  4299 | D:4      | Killed Grinder
  4299 | D:4      | Reached skill level 5 in Stealth
  4299 | D:4      | Reached skill level 3 in Invocations
  4302 | D:4      | Noticed Menkaure
  4312 | D:4      | Killed Menkaure
  4312 | D:4      | Reached XP level 8. HP: 57/57 MP: 14/16
  4444 | D:4      | Reached skill level 3 in Fighting
  4444 | D:4      | Reached skill level 3 in Short Blades
  4444 | D:4      | Reached skill level 3 in Long Blades
  4444 | D:4      | Reached skill level 3 in Axes
  4444 | D:4      | Reached skill level 3 in Maces & Flails
  4444 | D:4      | Reached skill level 3 in Polearms
  4444 | D:4      | Reached skill level 3 in Staves
  4444 | D:4      | Reached skill level 3 in Slings
  4444 | D:4      | Reached skill level 3 in Bows
  4444 | D:4      | Reached skill level 3 in Crossbows
  4444 | D:4      | Reached skill level 3 in Throwing
  4444 | D:4      | Reached skill level 3 in Armour
  4444 | D:4      | Reached skill level 3 in Shields
  4444 | D:4      | Reached skill level 3 in Unarmed Combat
  4444 | D:4      | Reached skill level 3 in Evocations
  4637 | D:4      | Found a basalt altar of Yredelemnul.
  4671 | D:4      | HP: 8/58 [orc priest/divine providence (13)]
  4683 | D:4      | HP: 9/58 [orc priest/nerve-wracking pain (6)]
  4684 | D:5      | Entered Level 5 of the Dungeon
  4689 | D:5      | HP: 12/58 [adder (3)]
  4696 | D:5      | HP: 11/58 [poisoned by an adder]
  4702 | D:5      | HP: 13/58 [poisoned by an adder]
  4708 | D:5      | HP: 14/58 [poisoned by an adder]
  4716 | D:5      | Noticed Quirk's ghost (novice GnFi)
  4771 | D:5      | HP: 11/58 [Quirk's ghost (4)]
  4961 | D:5      | HP: 12/58 [Quirk's ghost (7)]
  5022 | D:6      | Reached skill level 6 in Spellcasting
  5226 | D:6      | Found an opulent altar of Gozag.
  5494 | D:6      | HP: 3/58 [orc warrior/scimitar (21)]
  5507 | D:7      | Slain by an orc warrior

Skill      XL: |  1  2  3  4  5  6  7  8 |
---------------+-------------------------+-----
Spellcasting   | 5 6 |  6.1
Invocations    | 1 2 3 |  3.6
Fighting       | 1 2 3 |  3.3
Short Blades   | 1 2 3 |  3.3
Long Blades    | 1 2 3 |  3.3
Axes           | 1 2 3 |  3.3
Maces & Flails | 1 2 3 |  3.3
Polearms       | 1 2 3 |  3.3
Staves         | 1 2 3 |  3.3
Slings         | 1 2 3 |  3.3
Bows           | 1 2 3 |  3.3
Crossbows      | 1 2 3 |  3.3
Throwing       | 1 2 3 |  3.3
Armour         | 1 2 3 |  3.3
Shields        | 1 2 3 |  3.3
Unarmed Combat | 1 2 3 |  3.3
Evocations     | 1 2 3 |  3.3
Conjurations   | 1 2 |  2.7
Hexes          | 1 2 |  2.7
Charms         | 1 2 |  2.7
Summonings     | 1 2 |  2.7
Translocations | 1 2 |  2.7
Transmutations | 1 2 |  2.7
Fire Magic     | 1 2 |  2.7
Ice Magic      | 1 2 |  2.7
Air Magic      | 1 2 |  2.7
Earth Magic    | 1 2 |  2.7
Poison Magic   | 1 2 |  2.7
Dodging        | 5 |  5.7
Stealth        | 5 |  5.4
Necromancy     | |  7.6

Action                   |  1- 3 |  4- 6 |  7- 9 || total
-------------------------+-------+-------+-------++-------
Melee: Dagger            |   415 |    24 |       ||   439
       Bite              |    61 |     8 |    23 ||    92
       Punch             |     1 |     2 |     2 ||     5
       Spear             |       |    58 |   224 ||   282
 Cast: Pain              |    46 |    73 |       ||   119
       Animate Skeleton  |     3 |     5 |     1 ||     9
       Regeneration      |     1 |     4 |    19 ||    24
 Stab: Sleeping          |       |     2 |     4 ||     6
  Eat: Chunk             |     4 |     5 |     5 ||    14
       Ration            |       |       |     1 ||     1
Armor: Robe              |     5 |       |       ||     5
       Scale mail        |    19 |    20 |       ||    39
       Ring mail         |       |    14 |    73 ||    87
Dodge: Dodged            |    40 |    54 |   136 ||   230

Vault maps used:
D:1:      dpeg_arrival_stone_temple_mockup, serial_bayou_lagoon_a, minivault_24
D:2:      cheibrodos_gnoll_hut
D:3:      uniq_robin, uniq_natasha
D:4:      lemuel_crystal_altar, nicolae_ru_the_path_less_chosen, first_ration,
          hex_tiny, glass_columns_a, hangedman_decor_slide_cut,
          roderic_roman_lattice, uniq_grinder, uniq_menkaure
D:5:      gammafunk_steamed_eel, chequers_ossuary_entry_cave,
          serial_bayou_pond_b, minmay_ruined_shrine
D:6:      grunt_gozag_breadcrumbs, minmay_misc_feat_more_columns
D:7:      overflow_temple_1_default, minmay_temple_entry_poolview

Table legend:
 A = Turns spent in this place as a percentage of turns spent in the entire game.
 B = Non-inter-level travel turns spent in this place as a percentage of non-inter-level travel turns spent in the entire game.
 C = Inter-level travel turns spent in this place as a percentage of turns spent in this place.
 D = Turns resting spent in this place as a percentage of non-inter-level travel turns spent in this place.
 E = Turns spent auto-exploring this place as a percentage of non-inter-level travel turns spent in this place.
 F = Non-inter-level travel turns spent in this place divided by the number of levels of this place that you've seen.
                   A       B       C       D       E      F
               +-------+-------+-------+-------+-------+----------------------
         Total | 100.0 | 100.0 |   0.4 |  19.0 |  41.9 | 783.7
       Dungeon | 100.0 | 100.0 |   0.4 |  19.0 |  41.9 | 783.7
               +-------+-------+-------+-------+-------+----------------------

Table legend:
 A = Kills in this place as a percentage of kills in entire the game.
 B = Kills by you in this place as a percentage of kills by you in the entire game.
 C = Kills by friends in this place as a percentage of kills by friends in the entire game.
 D = Other kills in this place as a percentage of other kills in the entire game.
 E = Experience gained in this place as a percentage of experience gained in the entire game.
 F = Experience gained in this place divided by the number of levels of this place that you have seen.
                   A       B       C       D       E      F
               +-------+-------+-------+-------+-------+----------------------
         Total | 100.0 | 100.0 | 100.0 |   N/A | 100.0 | 267.9
       Dungeon | 100.0 | 100.0 | 100.0 |   N/A | 100.0 | 267.9
               +-------+-------+-------+-------+-------+----------------------
